 Dungeon Crawl Stone Soup version 0.30-a0-605-gb2882149bf (webtiles) character file.

Game seed: 1698943851491773458

214 Cancer the Chiller (level 5, 35/35 HPs)
             Began as a Barachi Ice Elementalist on Jan 8, 2023.
             Quit the game on level 3 of the Dungeon.
             The game lasted 00:07:48 (3601 turns).

Cancer the Chiller (Barachi Ice Elementalist)       Turns: 3601, Time: 00:07:48

Health: 35/35      AC:  3    Str:  9    XL:     5   Next: 91%
Magic:  11/11      EV: 12    Int: 17    God:
Gold:   167        SH:  0    Dex: 13    Spells: 6/13 levels left

rFire   . . .      SeeInvis .    r - +4 dagger (protect)
rCold   . . .      Faith    .    (no shield)
rNeg    . . .      Spirit   .    a - +0 robe
rPois   .          Reflect  .    (no helmet)
rElec   .          Harm     .    e - +0 cloak
rCorr   .          Rampage  .    (no gloves)
Will    .....                    (no boots)
Stlth   ++                       (no amulet)
HPRegen 0.25/turn                (no ring)
MPRegen 0.12/turn                (no ring)

@: slow
A: amphibious, slowness 1, strong legs 1, +LOS
a: Hop


You were on level 3 of the Dungeon.
You visited 1 branch of the dungeon, and saw 3 of its levels.

You collected 167 gold pieces.

Inventory:

Hand Weapons
 r - a +4 dagger of protection (weapon)
Armour
 a - a +0 robe (worn)
 e - a +0 cloak (worn)
Scrolls
 c - a scroll of vulnerability {unknown}
 d - a scroll of immolation {unknown}
 f - 6 scrolls of identify {unknown}
 i - a scroll of teleportation {unknown}
 j - 2 scrolls of torment {unknown}
 o - a scroll of fog {unknown}
Potions
 b - 3 potions of magic
 g - a potion of lignification {unknown}
 k - 2 potions of mutation {unknown}
 l - 2 potions of might {unknown}
 m - 2 potions of berserk rage {unknown}
 n - a potion of haste {unknown}
 p - a potion of degeneration {unknown}
 q - a potion of heal wounds {unknown}


   Skills:
 - Level 2.1 Dodging
 - Level 1.7 Stealth
 + Level 4.5 Spellcasting
 + Level 6.8 Ice Magic


You had 6 spell levels left.
You knew the following spells:

 Your Spells              Type           Power      Damage    Failure   Level
a - Freeze                Ice            100%       1d10      1%          1
b - Frozen Ramparts       Ice            54%        1d9       2%          3
c - Ozocubu's Armour      Ice            27%        N/A       2%          3

Your spell library contained the following spells:

 Spells                   Type           Power      Damage    Failure   Level
 Magic Dart               Conj           12%        1d3       16%         1
 Sandblast                Erth           6%         2d5       16%         1
 Passwall                 Tmut/Erth      2%         N/A       22%         2
 Searing Ray              Conj           6%         2d4       22%         2
 Summon Ice Beast         Ice/Summ       15%        N/A       36%         4
 Inner Flame              Hex/Fire       3%         N/A       41%         3
 Stone Arrow              Conj/Erth      6%         3d7       41%         3
 Vhi's Electric Charge    Tloc/Air       6%         N/A       41%         3
 Animate Armour           Summ/Erth      6%         N/A       83%         4
 Flame Wave               Conj/Fire      3%         2d5       83%         4
 Fulminant Prism          Conj/Hex       1%         3d5       83%         4
 Sticky Flame             Conj/Fire      3%         2d3       83%         4
 Arcjolt                  Conj/Air       1%         1d11      99%         5
 Blade Hands              Tmut           1%         N/A       99%         5
 Iron Shot                Conj/Erth      1%         9d1       100%        6
 Maxwell's Capacitive Co  Air            1%         ∞         100%        8


Dungeon Overview and Level Annotations

Branches:
Dungeon (3/15)

Altars:
Dithmenos
The Shining One

Shops:
D:2 *

Annotations:
D:2 3gnoll


Innate Abilities, Weirdness & Mutations

You are amphibious.
You cover ground slowly.
You can hop short distances.
You have an extended range of vision and can be seen from far away.


Message History

You croak for attention!
What are your orders? t - Croak!
Orders for allies: a - Attack new target. r - Retreat! s - Stop attacking. g - Guard the area. f - Follow me.
Anything else - Cancel.
You croak for attention!
What are your orders? t - Croak!
Orders for allies: a - Attack new target. r - Retreat! s - Stop attacking. g - Guard the area. f - Follow me.
Anything else - Cancel.
You croak for attention!
What are your orders? t - Croak!
Orders for allies: a - Attack new target. r - Retreat! s - Stop attacking. g - Guard the area. f - Follow me.
Anything else - Cancel.
You croak for attention!
You see here a +4 dagger.
There is a stone staircase leading down here.
What are your orders? t - Croak!
Orders for allies: a - Attack new target. r - Retreat! s - Stop attacking. g - Guard the area. f - Follow me.
Anything else - Cancel.
You croak for attention!
What are your orders? t - Croak!
Orders for allies: a - Attack new target. r - Retreat! s - Stop attacking. g - Guard the area. f - Follow me.
Anything else - Cancel.
You croak for attention!
There is a stone staircase leading down here.
Are you sure you want to abandon this character and quit the game? (Confirm with "yes".)

#################
#######................
###########...............######.
............#####.###............
############# #.# #.###.###.#.. #
##.# #.# #.# #.#.#
################..###.###.###.#.#
.................................
#.#########..###@####.###.###.#.#
#...##### #..# #.# #.###...#.#.#
........# #..# #.# #.##........#
≈≈≈≈≈≈≈.# #..# #.# #.##........#
......≈.###..###.####.##........#
#####...[.#..#.....##...........#
#.....§.#....#.....#####.......##
#._.#.≈.###.......>.####.........
....#.≈.# ##.#.......##..........


There were no monsters in sight!

Vanquished Creatures
  Jessica (D:3)
  Natasha (thrice) (D:3)
  4 adders
  2 gnolls (D:2)
  2 dart slugs
  2 orcs (D:3)
  3 endoplasms
  2 giant cockroaches
  7 goblins
  2 hobgoblins
  4 jackals
  3 quokkas
  4 ball pythons
  3 bats
  4 frilled lizards
  3 kobolds (D:1)
  7 rats
56 creatures vanquished.

Notes
Turn   | Place    | Note
-------+----------+-------------------------------------------
     0 | D:1      | Cancer the Barachi Ice Elementalist began the quest for the
                  | Orb.
     0 | D:1      | Reached XP level 1. HP: 13/13 MP: 3/3
   106 | D:1      | Reached skill level 5 in Ice Magic
   194 | D:1      | Reached XP level 2. HP: 12/19 MP: 1/5
   965 | D:2      | Reached XP level 3. HP: 22/24 MP: 5/7
  1173 | D:2      | Found Peadamoa's General Store.
  1662 | D:3      | Reached XP level 4. HP: 21/30 MP: 3/9
  1778 | D:3      | Noticed Natasha
  1784 | D:3      | Killed Natasha
  1785 | D:3      | Reached skill level 6 in Ice Magic
  1815 | D:3      | Noticed Natasha
  1819 | D:3      | Learned a level 3 spell: Frozen Ramparts
  1855 | D:2      | Learned a level 3 spell: Ozocubu's Armour
  1863 | D:3      | Killed Natasha
  1864 | D:3      | Reached XP level 5. HP: 35/35 MP: 3/11
  1959 | D:3      | Noticed Jessica
  1968 | D:3      | Killed Jessica
  2143 | D:3      | Found a shadowy altar of Dithmenos.
  2196 | D:3      | Found a glowing golden altar of the Shining One.
  2287 | D:3      | Noticed Natasha
  2297 | D:3      | Killed Natasha
  3601 | D:3      | Quit the game

Illustrated notes

Levels and vault maps discovered:
D:1:      dpeg_arrival_three_same_balls, layout_rooms
D:2:      layout_basic, serial_shops, nicolae_shop_crystal, interstate_on_off
D:3:      layout_loops_ring, mainiacjoe_overflow_brackets,
          grunt_dithmenos_smoke_and_mirrors, minmay_pentomino_pile,
          uniq_natasha, uniq_jessica

Skill      XL: |  1  2  3  4 |
---------------+-------------+-----
Ice Magic      | 5 6 |  6.8
Spellcasting   | 3 4 |  4.5
Dodging        | |  2.1
Stealth        | |  1.7

Action                   |  1- 3 |  4- 6 || total
-------------------------+-------+-------++-------
Melee: Unarmed           |    27 |       ||    27
       Punch             |     1 |       ||     1
       Dagger            |    10 |    13 ||    23
 Cast: Freeze            |    47 |    24 ||    71
       Frozen Ramparts   |       |     4 ||     4
       Ozocubu's Armour  |       |     1 ||     1
Armor: Robe              |    13 |     8 ||    21
Dodge: Dodged            |    54 |    14 ||    68

Table legend: (Time is in decaauts)
 A = Elapsed time spent in this place.
 B = Non-inter-level travel time spent in this place.
 C = Inter-level travel time spent in this place.
 D = Time resting spent in this place.
 E = Time spent auto-exploring this place.
 F = Levels seen in this place.
 G = Mean time per level.
                   A        B        C        D        E       F      G
               +--------+--------+--------+--------+--------+-----+--------+
         Total |   4128 |   2809 |   1319 |     70 |   2179 |   3 | 1376.0 |
       Dungeon |   4128 |   2809 |   1319 |     70 |   2179 |   3 | 1376.0 |
               +--------+--------+--------+--------+--------+-----+--------+

Top non-repeatable levels by time:
     D:3: 1990 daAuts
     D:2: 1307 daAuts
     D:1: 831 daAuts
